 Dungeon Crawl Stone Soup version 0.29-a0-789-g7a8fcbc185 (webtiles) character file.

Game seed: 8695926844268713769

0 riojii the Cudgeller (level 1, 2/12 HPs)
             Began as a Gargoyle Gladiator on July 2, 2022.
             Quit the game on level 1 of the Dungeon.
             The game lasted 00:00:23 (53 turns).

riojii the Cudgeller (Gargoyle Gladiator)             Turns: 53, Time: 00:00:23

Health: 2/12       AC:  6    Str: 17    XL:     1   Next: 10%
Magic:  1/1        EV: 12    Int:  8    God:
Gold:   9          SH:  0    Dex: 11    Spells: 0/0 levels left

rFire   . . .      SeeInvis .   a - +0 flail
rCold   . . .      Faith    .   (no shield)
rNeg    + . .      Spirit   .   b - +0 leather armour
rPois   ∞          Reflect  .   c - +0 helmet
rElec   +          Harm     .   (no cloak)
rCorr   .          Rampage  .   (no gloves)
Will    .....                   (no boots)
Stlth   +.........              (no amulet)
HPRegen 0.04/turn               (no ring)
MPRegen 0.07/turn               (no ring)

@: no status effects
A: sickness immunity, AC +2, negative energy resistance 1, electricity
resistance, torment resistance 1, petrification resistance
a: no special abilities


You were on level 1 of the Dungeon.
You visited 1 branch of the dungeon, and saw 1 of its levels.

You collected 9 gold pieces.

Inventory:

Hand Weapons
 a - a +0 flail (weapon)
Armour
 b - a +0 leather armour (worn)
 c - a +0 helmet (worn)


   Skills:
 + Level 2.2 Fighting
 * Level 3.0 Maces & Flails
 - Level 1.7 Throwing
 + Level 0.0 Armour
 + Level 2.4 Dodging


You couldn't memorise any spells.
You didn't know any spells.
Your spell library was empty.

Dungeon Overview and Level Annotations

Branches:
Dungeon (1/15)

Altars:


Innate Abilities, Weirdness & Mutations

You are immune to sickness and miasma.
Your stone body is resilient. (AC +2)
You are immune to poison.
You resist negative energy. (rN+)
You are resistant to electric shocks. (rElec)
You are resistant to unholy torment.
You are immune to petrification.


Message History

A hobgoblin comes into view.
The hobgoblin shouts!
The hobgoblin moves out of view.
You open the door.
There is an open door here.
A gnoll comes into view. It is wielding a +0 club.
The gnoll shouts!
A gnoll is nearby!
A gnoll is nearby!
A gnoll is nearby!
Found a stone staircase leading down.
You closely miss the hobgoblin.
An endoplasm comes into view.
The hobgoblin hits you but does no damage.
You barely miss the hobgoblin.
An endoplasm comes into view.
The hobgoblin closely misses you.
You hit the hobgoblin but do no damage. The hobgoblin hits you.
The gnoll hits you with a +0 club. The hobgoblin closely misses you.
You closely miss the gnoll. The gnoll hits you but does no damage.
The hobgoblin hits you but does no damage.
You closely miss the gnoll. The gnoll hits you but does no damage.
The hobgoblin misses you.
You closely miss the gnoll. The gnoll hits you with a +0 club.
The hobgoblin hits you.
* * * LOW HITPOINT WARNING * * *
You are too injured to fight recklessly!
You are too injured to fight recklessly!
You are too injured to fight recklessly!
You are too injured to fight recklessly!
You are too injured to fight recklessly!
You are too injured to fight recklessly!
You are too injured to fight recklessly!
You are too injured to fight recklessly!
You are too injured to fight recklessly!
You are too injured to fight recklessly!
You are too injured to fight recklessly!
You are too injured to fight recklessly!
You are too injured to fight recklessly!
Are you sure you want to abandon this character and quit the game? (Confirm with "yes".)

. ####.. #... ####.#
#....#
#########.##.#######
#.........g@g......#
#.....###'###J......
#.....#8...8#.......
#..#..##.#.##..#....
#####.###.#8.#.8 .##
..> #.....#
#.##.#.##.# ..
#.###..#..#8.#.8#..
.
##.###.....##.#.##..
.....#######8...8##


You could see a gnoll, an endoplasm and a hobgoblin.

Vanquished Creatures
  A bat (D:1)
1 creature vanquished.

Notes
Turn   | Place    | Note
-------+----------+-------------------------------------------
     0 | D:1      | riojii the Gargoyle Gladiator began the quest for the Orb.
     0 | D:1      | Reached XP level 1. HP: 12/12 MP: 1/1
    53 | D:1      | Quit the game

Illustrated notes

Levels and vault maps discovered:
D:1:      heliophobic_arrival_ceremonial_halls, layout_loops_cross

Action                   || total
-------------------------++-------
Melee: Flail             ||     7
Armor: Leather armour    ||     4
Dodge: Dodged            ||     4

Table legend: (Time is in decaauts)
 A = Elapsed time spent in this place.
 B = Non-inter-level travel time spent in this place.
 C = Inter-level travel time spent in this place.
 D = Time resting spent in this place.
 E = Time spent auto-exploring this place.
 F = Levels seen in this place.
 G = Mean time per level.
                   A        B        C        D        E       F      G
               +--------+--------+--------+--------+--------+-----+--------+
         Total |     54 |     54 |      0 |      0 |     39 |   1 |   54.0 |
       Dungeon |     54 |     54 |      0 |      0 |     39 |   1 |   54.0 |
               +--------+--------+--------+--------+--------+-----+--------+

Top non-repeatable levels by time:
     D:1: 54 daAuts
